AoeStats
← Iguano Pop

Arabia

510424765Analyzed
1v1 RM · 19h ago on Oct 1, 2026· 39m 9s· 2 players
Game mode
Random Map
Map size
Tiny (2 player)
Population
200
Speed
Normal
Resources
Standard
Victory
Conquest
Starting age
Dark Age
Ending age
Imperial Age
RankedLock teamsTeams togetherTeam positionsShared explorationLock speedFull tech treeHidden civsTurbo modeCheats
Victory
Defeat
🇲🇽 Koreans · Mexico
1364
+17
🇧🇷 Goths · Brazil
1380
-17
Iguano Pop
7:05 Loom
9:30 Feudal Age
10:04 Double-Bit Axe
13:08 Fletching
14:29 Town Watch
20:16 Wheelbarrow
20:31 Scale Barding Armor
25:10 Castle Age
24:18 Gold Mining
25:15 Crossbowman
25:51 Bodkin Arrow
29:26 Bow Saw
31:21 Gold Shaft Mining
34:18 Imperial Age
35:31 Thumb Ring
35:49 Ballistics
38:48 Bracer
To Resign Oneself
1:26 Loom
9:37 Feudal Age
10:07 Man-at-Arms
11:02 Double-Bit Axe
24:03 Castle Age
21:48 Horse Collar
22:23 Gold Mining
23:06 Padded Archer Armor
24:03 Scale Mail Armor
24:35 Elite Skirmisher
26:03 Fletching
30:54 Chain Mail Armor
36:42 Forging
37:10 Stone Mining
38:16 Wheelbarrow
39:10 Squires
Connection lost

Rejoining the realm…

Still unreachable

The connection could not be restored.

Session expired

The server has moved on; the page needs a fresh start.